 Dungeon Crawl Stone Soup version 0.17-a0-1132-g5dd4065 (console) character file.

49 Monkaria the Skirmisher (level 3, 0/31 HPs)
             Began as a Demonspawn Chaos Knight on May 25, 2015.
             Slain by an adder (3 damage)
             ... on level 2 of the Dungeon.
             The game lasted 00:01:47 (967 turns).

Monkaria the Skirmisher (Demonspawn Chaos Knight)    Turns: 967, Time: 00:01:48

Health: 0/31       AC:  8    Str: 13    XL:     3   Next: 53%
Magic:  3/3        EV: 11    Int: 11    God:    Xom [.....*]
Gold:   62         SH:  0    Dex: 12    Spells: 0 memorised, 2 levels left

rFire  + . .     SeeInvis .     a - +0 falchion (chaos)
rCold  . . .     Clarity  .     b - +2 leather armour
rNeg   . . .     SustAt   .     (no shield)
rPois  .         Gourm    .     l - +2 helmet
rElec  .         Spirit   .     (no cloak)
rCorr  .         Warding  .     (no gloves)
rMut   .         Rnd*Tele +     (no boots)
MR     +....                    (no amulet)
Stlth  +.........               d - ring of protection from fire
                                e - ring of teleportation (curse)

@: lethally poisoned (0 -> -2), very slightly contaminated, somewhat resistant
to hostile enchantments, very unstealthy
A: dopey 1, magic resistance 1, powered by death 1
a: Renounce Religion, Evoke Teleportation


You were on level 2 of the Dungeon.
You worshipped Xom.
You were Xom's teddy bear.
You were not hungry.

You visited 1 branch of the dungeon, and saw 2 of its levels.

You collected 62 gold pieces.

Inventory:

Hand weapons
 a - a +0 falchion of chaos (weapon)
Armour
 b - a +2 leather armour (worn)
 l - a +2 helmet (worn)
Jewellery
 d - a ring of protection from fire (right hand)
 e - a cursed ring of teleportation (left hand)
Scrolls
 f - a scroll of fog {unknown}
 g - a scroll of remove curse {unknown}
 i - a scroll of amnesia {unknown}
 o - a scroll of recharging {unknown}
Potions
 h - a potion of beneficial mutation {unknown}
 j - a potion of haste {unknown}
 k - a potion of agility {unknown}
 p - a potion of cancellation {unknown}
Books
 m - a book of Party Tricks

   Spells                             Type                      Level
   a - Summon Butterflies             Summoning                    1
   b - Apportation                    Translocation                1
   c - Tukima's Dance                 Hexes                        3
   d - Alistair's Intoxication        Transmutation/Poison         4
   e - Invisibility                   Hexes                        6
Comestibles
 c - 2 bread rations


   Skills:
 + Level 4.6 Fighting
 - Level 2.6 Long Blades
 - Level 1.7 Armour
 - Level 0.8 Dodging


You had 2 spell levels left.
You didn't know any spells.

Dungeon Overview and Level Annotations

Branches:
Dungeon (2/15)

Altars:


Innate Abilities, Weirdness & Mutations

You can steal the life force of nearby defeated enemies.
You are dopey. (Int -2)
You are resistant to hostile enchantments.


Message History

You miss something.
You feel sick. Something bites you but does no damage.
You miss something. Something bites you but does no damage.
Something bites you but does no damage.
You miss something.
You feel sick. Something bites you but does no damage.
You miss something. Something bites you.
Something bites you but does no damage.
You barely miss something. Something bites you.
* * * LOW HITPOINT WARNING * * *
You miss something.
You feel sick. Something bites you but does no damage.
Something bites you but does no damage.
You miss something. Something bites you.
* * * LOW HITPOINT WARNING * * *
You completely miss something. Something bites you but does no damage.
Unknown command.
You miss something. Something bites you.
* * * LOW HITPOINT WARNING * * *
Something bites you but does no damage.
You closely miss something.
You feel sick. Something bites you.
You die... "It's all fun and games until someone loses an eye."

.#.#.#. ....... .......
#+# ....>.. #.# .......
#.# ......( #.##{..$...
##############.#@..%....
................#.#.#.#.
...............###..
##.###########.# ....
#..# #... ..... ##.##
..### ##### #..# #.#
##.# #.# #.## #.#


There were no monsters in sight!

Vanquished Creatures
  An adder (D:2)
  2 giant geckos (D:1)
  5 bats
  6 hobgoblins
  A quokka (D:2)
  2 giant newts
  A giant newt (shapeshifter) (D:1)
  11 goblins
  3 kobolds
  4 rats
36 creatures vanquished.

Vanquished Creatures (others)
  Terence (D:2)
  Robin (D:2)
  An adder (D:2)
  5 goblins (D:2)
8 creatures vanquished.

Grand Total: 44 creatures vanquished

Notes
Turn   | Place    | Note
--------------------------------------------------------------
     0 | D:1      | Monkaria the Demonspawn Chaos Knight began the quest for the Orb.
     0 | D:1      | Reached XP level 1. HP: 18/18 MP: 1/1
   174 | D:1      | Gained mutation: You can steal the life force of nearby defeated enemies. [demonic ancestry]
   174 | D:1      | Reached XP level 2. HP: 21/24 MP: 2/2
   391 | D:1      | Reached skill level 4 in Fighting
   474 | D:1      | Gained mutation: You are dopey. (Int -2) [mutagenic meat]
   475 | D:1      | Gained mutation: You are resistant to hostile enchantments. [mutagenic meat]
   763 | D:2      | Noticed Robin
   769 | D:2      | Noticed Terence
   772 | D:2      | Reached XP level 3. HP: 25/30 MP: 3/3
   775 | D:2      | XOM: potion effect (invisibility)
   776 | D:2      | XOM: divination: magic mapping
   783 | D:2      | XOM: mild Summ miscast
   785 | D:2      | Killed Terence
   785 | D:2      | Killed Robin
   785 | D:2      | XOM: divine lightning (protected)
   967 | D:2      | Slain by an adder

Vault maps used:
D:1:      dpeg_arrival_tiny_d
D:2:      st_stairs_4, uniq_terence, uniq_sigmund, uniq_robin

Action                   || total
-------------------------++-------
Melee: Falchion          ||   132
  Use: Scroll            ||     1
 Stab: Paralysed         ||     3
       Invisible         ||     3
  Eat: Chunk             ||     3
